 Dungeon Crawl Stone Soup version 0.31-a0-626-g8143ab4f1d (webtiles) character file.

Game seed: 11854017793957279013

340 NinjaNoafa the Poker (level 6, -2/35 HPs)
             Began as a Gargoyle Gladiator on Aug 24, 2023.
             Was a Believer of Vehumet.
             Slain by Edmund
             ... wielding a +3 dire flail of holy wrath
              (7 damage)
             ... on level 4 of the Dungeon.
             The game lasted 00:10:16 (3187 turns).

NinjaNoafa the Poker (Gargoyle Gladiator)           Turns: 3187, Time: 00:10:18

Health: -2/35      AC:  7    Str: 19    XL:     6   Next: 56%
Magic:  6/17       EV: 12    Int:  9    God:    Vehumet [**....]
Gold:   126        SH:  0    Dex: 11    Spells: 6/7 levels left

rFire   . . .        a - +0 trident
rCold   . . .        (no shield)
rNeg    + + .        l - +0 robe
rPois   ∞            c - +0 helmet {I will check in every so often to see msgs}
rElec   +            (no cloak)
rCorr   .            (no gloves)
SInv    .            (no boots)
Will    .....        (no amulet)
Stlth   +            f - ring of magical power
HPRegen 0.25/turn    w - ring of positive energy
MPRegen 0.15/turn

%: no passive effects
@: no status effects
A: sickness immunity, AC +4, negative energy resistance 1, electricity
resistance, torment resistance 1, petrification resistance
a: Renounce Religion


You were on level 4 of the Dungeon.
You worshipped Vehumet.
Vehumet was pleased with you.
You visited 1 branch of the dungeon, and saw 4 of its levels.

You collected 126 gold pieces.

Inventory:

Hand Weapons
 a - a +0 trident (weapon)
Missiles
 d - 2 throwing nets
 e - a javelin
 u - 8 poisoned darts
Armour
 c - a +0 helmet (worn) {I will check in every so often to see msgs}
 l - a +0 robe (worn)
Jewellery
 f - a ring of magical power (left hand)
 w - a ring of positive energy (right hand)
Talismans
 m - a beast talisman
Wands
 v - a wand of polymorph (6)
Scrolls
 g - a scroll of revelation {unknown}
 i - a scroll of blinking {unknown}
 j - 3 scrolls of fear {unknown}
 o - a scroll of torment {unknown}
 p - a scroll of noise {unknown}
 r - a scroll of enchant weapon {unknown}
 t - a scroll of teleportation {unknown}
Potions
 b - 2 potions of brilliance
 h - 2 potions of curing {unknown}
 k - a potion of haste {unknown}
 n - 2 potions of heal wounds
 q - a potion of lignification {unknown}
 s - a potion of mutation {unknown}


   Skills:
 - Level 2.1 Fighting
 - Level 4.1 Polearms
 - Level 1.7 Throwing
 - Level 2.4 Dodging
 + Level 1.4 Spellcasting
 * Level 4.0 Conjurations
 + Level 3.0 Fire Magic


You had 6 spell levels left.
You knew the following spells:

 Your Spells              Type           Power      Damage    Failure   Level
a - Foxfire               Conj/Fire      28%        2x1d5     9%          1

Your spell library contained the following spells:

 Spells                   Type           Power      Damage    Failure   Level
 Kiss of Death            Conj/Necr      16%        2d6       16%         1
 Portal Projectile        Hex/Tloc       0%         N/A       71%         3
 Tukima's Dance           Hex            0%         N/A       71%         3
 Iskenderun's Mystic Bla  Conj/Tloc      4%         2d3       83%         4


Dungeon Overview and Level Annotations

Branches:
Dungeon (4/15) Zot: 20795
 Temple: D:4-7

Altars:
Nemelex Xobeh
Vehumet

Shops:
D:1 [

Annotations:
D:4 Edmund


Innate Abilities, Weirdness & Mutations

You are immune to sickness and miasma.
Your stone body is resilient. (AC +4)
You are immune to poison.
You resist negative energy. (rN+)
You are resistant to electric shocks. (rElec)
You are resistant to unholy torment.
You are immune to petrification.


Message History

You take 2 damage, and have 33/35 hp.
You now have 11/17 mp.
You conjure some foxfire!
The foxfire hits Edmund.
The foxfire hits Edmund but does no damage.
Edmund says, "You wouldn't believe how much I paid for this flail."
Edmund hits you with a +3 dire flail of holy wrath.
You take 6 damage, and have 27/35 hp.
You now have 10/17 mp.
You conjure some foxfire!
The foxfire hits Edmund but does no damage. x2
Edmund closely misses you.
You now have 9/17 mp.
You conjure some foxfire!
The foxfire hits Edmund but does no damage. x2
Edmund hits you with a +3 dire flail of holy wrath.
You take 6 damage, and have 22/35 hp.
You now have 8/17 mp.
You conjure some foxfire!
The foxfire hits Edmund but does no damage.
The foxfire hits Edmund.
Edmund hits you with a +3 dire flail of holy wrath.
You take 2 damage, and have 20/35 hp.
You now have 7/17 mp.
You conjure some foxfire!
The foxfire hits Edmund but does no damage. x2
Edmund barely misses you.
You now have 6/17 mp.
You conjure some foxfire!
The foxfire hits Edmund.
Edmund hits you with a +3 dire flail of holy wrath!
* * * LOW HITPOINT WARNING * * *
You take 13 damage, and have 7/35 hp.
MASSIVE DAMAGE!!
The foxfire hits Edmund. x3
Okay, then.
You hit Edmund. Edmund misses you.
You barely miss Edmund.
Edmund hits you with a +3 dire flail of holy wrath.
* * * LOW HITPOINT WARNING * * *
You take 3 damage, and have 4/35 hp.
Unknown command.
You barely miss Edmund. Edmund closely misses you.
You closely miss Edmund. Edmund barely misses you.
Edmund hits you with a +3 dire flail of holy wrath!
You die...
Edmund says, "That'll show my brother!"

##)......###..# ###....#
#.##.######..###......#
######.##.# #..............#
#......##.###.....#.###....#
#......#.........#..###########
#......#.........#.##..........
#................#.##..........
#....>.............##..........
#####.#........@@..####..........
...................###..........>
###...#............#.............
....###............#.##..........
..####...#.#.#.#.###.############
#...##...#.#...#.....#
..†......#........########
.........................# ####
...##....................###..##


You could see Edmund.

Vanquished Creatures
  2 scorpions (D:3)
  A hound (D:3)
  An iguana (D:3)
  An orc wizard (D:4)
  6 adders
  An ufetubus (D:3)
  2 worms (D:4)
  2 dart slugs
  4 orcs
  3 bats
  6 endoplasms
  6 giant cockroaches
  5 hobgoblins
  6 kobolds
  3 quokkas
  11 ball pythons
  2 frilled lizards
  7 goblins
  2 rats
71 creatures vanquished.

Vanquished Creatures (others)
  193 foxfires
193 creatures vanquished.

Grand Total: 264 creatures vanquished

Notes
Turn   | Place    | Note
-------+----------+-------------------------------------------
     0 | D:1      | NinjaNoafa the Gargoyle Gladiator began the quest for the
                  | Orb.
     0 | D:1      | Reached XP level 1. HP: 12/12 MP: 1/1
    51 | D:1      | Reached XP level 2. HP: 16/17 MP: 2/2
   442 | D:1      | Found Cehecuf's Antique Armour Shoppe.
   593 | D:1      | Found a faded altar of an unknown god.
   677 | D:1      | Reached XP level 3. HP: 21/21 MP: 3/3
   740 | D:1      | Prayed at the altar of an unknown god.
   740 | D:1      | Became a worshipper of Vehumet
   740 | D:1      | Reached * piety under Vehumet
   740 | D:1      | Offered knowledge of Foxfire by Vehumet.
   798 | D:1      | Learned a level 1 spell: Foxfire
  1119 | D:2      | Reached skill level 1 in Conjurations
  1119 | D:2      | Reached skill level 1 in Fire Magic
  1119 | D:2      | Reached XP level 4. HP: 23/26 MP: 2/4
  2006 | D:3      | Found a sparkling altar of Nemelex Xobeh.
  2010 | D:3      | Noticed a scorpion
  2206 | D:3      | Killed a scorpion
  2207 | D:3      | Reached XP level 5. HP: 17/30 MP: 0/5
  2384 | D:3      | Offered knowledge of Kiss of Death by Vehumet.
  2585 | D:4      | Noticed Edmund
  2652 | D:3      | Reached ** piety under Vehumet
  2652 | D:3      | HP: 1/30 [iguana (7)]
  2709 | D:3      | Reached XP level 6. HP: 7/35 MP: 2/7
  2720 | D:3      | HP: 1/35 [scorpion (2)]
  2722 | D:3      | Reached skill level 1 in Spellcasting
  3187 | D:4      | Slain by Edmund

Illustrated notes

Levels and vault maps discovered:
D:1:      minmay_arrival_radiant_lines, layout_basic,
          ebering_ecumenical_altar_hall, serial_shops, nicolae_shop_crystal,
          hex_tiny
D:2:      layout_basic
D:3:      layout_basic, lemuel_tele_altar
D:4:      layout_rooms, uniq_edmund

Skill      XL: |  1  2  3  4  5  6 |
---------------+-------------------+-----
Polearms       | 3 4 |  4.1
Conjurations   | 1 2 3 4 |  4.0
Fire Magic     | 1 2 3 |  3.0
Spellcasting   | 1 |  1.4
Fighting       | |  2.1
Throwing       | |  1.7
Dodging        | |  2.4

Action                     |  1- 3 |  4- 6 || total
---------------------------+-------+-------++-------
  Melee: Trident           |    85 |    57 ||   142
  Throw: Throwing net      |     1 |       ||     1
   Cast: Foxfire           |    11 |   109 ||   120
    Use: Potion            |       |     3 ||     3
   Stab: Sleeping          |     1 |       ||     1
 Armour: Leather armour    |    15 |       ||    15
         Robe              |    15 |    62 ||    77
  Dodge: Dodged            |    72 |   129 ||   201
   Form: Beast             |       |     1 ||     1

Table legend: (Time is in decaauts)
 A = Elapsed time spent in this place.
 B = Non-inter-level travel time spent in this place.
 C = Inter-level travel time spent in this place.
 D = Time resting spent in this place.
 E = Time spent auto-exploring this place.
 F = Levels seen in this place.
 G = Mean time per level.
                   A        B        C        D        E       F      G
               +--------+--------+--------+--------+--------+-----+--------+
         Total |   3203 |   2890 |    313 |    158 |   2084 |   4 |  800.8 |
       Dungeon |   3203 |   2890 |    313 |    158 |   2084 |   4 |  800.8 |
               +--------+--------+--------+--------+--------+-----+--------+

Top non-repeatable levels by time:
     D:3: 1091 daAuts
     D:2: 915 daAuts
     D:1: 819 daAuts
     D:4: 376 daAuts
